 Dungeon Sprint DCSS version 0.27-a0-1154-gfdeffcb720 (webtiles) character file.

Game seed: 4418560260646582191

0 howech the Firebug (level 1, -2/13 HPs)
             Began as a Gnoll Fire Elementalist on May 14, 2021.
             Was a High Priest of Okawaru.
             Slain by a toenail golem (8 damage)
             ... in the Dungeon (Sprint V: "Ziggurat Sprint").
             The game lasted 00:00:51 (65 turns).

howech the Firebug (Gnoll Fire Elementalist)          Turns: 65, Time: 00:00:53

Health: -2/13      AC: 13    Str:  7    XL:     1   Next: 0%
Magic:  6/6        EV:  0    Int: 14    God:    Okawaru [*****.]
Gold:   0          SH: 25    Dex: 24    Spells: 8/9 levels left

rFire    + + .     SeeInvis .   a - +7 Singing Sword {vorpal, sonic wave}
rCold    x . .     Faith    .   i - +18 shield of the Gong {rElec rN+ Will+ EV-5}
rNeg     + . .     Spirit   .   b - +5 fire dragon scales
rPois    .         Reflect  .   (no helmet)
rElec    +         Harm     .   (no cloak)
rCorr    .         Rampage  .   (no gloves)
Will     +....     NoTele   +   (no boots)
Stlth    ++........             (no amulet)
HPRegen  0.04/turn              k - +6 ring of dexterity
MPRegen  0.10/turn              l - +6 ring of dexterity

@: very slightly contaminated, invisible
A: fangs 1, strong nose, distributed training
a: Renounce Religion, Heroism, Finesse


You were in the Dungeon.
You worshipped Okawaru.
Okawaru was extremely pleased with you.
You visited 1 branch

Inventory:

Hand Weapons
 a - the +7 Singing Sword (weapon) {vorpal, sonic wave}
   (You found it in the Dungeon)

   It inflicts extra damage upon your enemies.
Armour
 b - +5 fire dragon scales (worn)
 i - the +18 shield of the Gong (worn) {rElec rN+ Will+ EV-5}
   (You found it in the Dungeon)

   It affects your evasion (-5).
   It insulates you from electricity.
   It protects you from negative energy.
   It increases your willpower.
Jewellery
 j - a ring of flight
 k - a +6 ring of dexterity (left hand)
 l - a +6 ring of dexterity (right hand)
 m - a +6 ring of intelligence
 n - a +6 ring of intelligence
 o - a +6 ring of strength
 p - a +6 ring of strength
Wands
 q - a wand of mindburst (7)
 r - a wand of iceblast (7)
 s - a wand of acid (7)
Scrolls
 h - 4 scrolls of blinking
 y - 4 scrolls of amnesia
 z - 7 scrolls of fog
 A - a scroll of holy word
 B - 5 scrolls of identify
 C - 2 scrolls of fear
Potions
 c - 10 potions of curing
 d - 10 potions of heal wounds
 e - 6 potions of haste
 f - 7 potions of magic
 g - 3 potions of berserk rage
 t - 2 potions of brilliance
 u - a potion of invisibility
 v - 4 potions of resistance
 w - a potion of experience
 x - 5 potions of might


   Skills:
 + Level 0.0 Fighting
 + Level 0.0 Short Blades
 + Level 0.0 Long Blades
 + Level 0.0 Axes
 + Level 0.0 Maces & Flails
 + Level 0.0 Polearms
 + Level 0.0 Staves
 + Level 0.0 Slings
 + Level 0.0 Bows
 + Level 0.0 Crossbows
 + Level 0.0 Throwing
 + Level 0.0 Armour
 + Level 4.4 Dodging
 + Level 4.0 Stealth
 + Level 0.0 Shields
 + Level 0.0 Unarmed Combat
 + Level 4.8 Spellcasting
 + Level 1.9 Conjurations
 + Level 0.0 Hexes
 + Level 0.0 Summonings
 + Level 0.0 Necromancy
 + Level 0.0 Translocations
 + Level 0.0 Transmutations
 + Level 5.3 Fire Magic
 + Level 0.0 Ice Magic
 + Level 0.0 Air Magic
 + Level 0.0 Earth Magic
 + Level 0.0 Poison Magic
 + Level 0.0 Invocations
 + Level 0.0 Evocations


You had 8 spell levels left.
You knew the following spells:

 Your Spells              Type           Power      Damage    Failure   Level
a - Foxfire               Conj/Fire      52%        2x1d6     99%         1

Your spell library contained the following spells:

 Spells                   Type           Power      Damage    Failure   Level
 Conjure Flame            Conj/Fire      13%        6-21      100%        3
 Inner Flame              Hex/Fire       10%        N/A       100%        3
 Sticky Flame             Conj/Fire      13%        2d4       100%        4
 Fireball                 Conj/Fire      6%         3d5       100%        5


Dungeon Overview and Level Annotations

Branches:
Dungeon (1/1)

Altars:
Ashenzari
Cheibriados
Dithmenos
Elyvilon
Fedhas
Gozag
Hepliaklqana
Kikubaaqudgha
Makhleb
Nemelex Xobeh
Okawaru
Qazlal
Ru
Sif Muna
Trog
Uskayaw
Vehumet
Wu Jian
Xom
Yredelemnul
Zin
The Shining One
Beogh
Jiyva
Lugonu

Annotations:
D 1 transporter


Innate Abilities, Weirdness & Mutations

You have very sharp teeth.
Your uncanny sense of smell can sniff out nearby items.
Your experience applies equally to all skills.


Message History

You send a blast of sound all around you.
The toenail golems are blasted.
The toenail golem is severely damaged.
The toenail golem is moderately damaged.
You bite the toenail golem, but do no damage.
The toenail golem is severely damaged.
The toenail golem hits you but does no damage.
You block the toenail golem's attack.
GONNNNG!
Unknown command.
Unknown command.
Unknown command.
You slash the toenail golem!
The toenail golem is severely damaged.
You block the toenail golem's attack.
PTOANNNG!
The toenail golem hits you. You block the toenail golem's attack.
GONNNNG!
The toenail golem hits you.
Unknown command.
Unknown command.
Unknown command.
You hit the toenail golem but do no damage.
The Screaming Sword booms, "SLASH 'EM!
SLASH 'EM ALL!"
You send a blast of sound all around you.
The toenail golems are blasted.
You destroy the toenail golem!
Okawaru is honoured by your kill.
You can now gain great but temporary skills.
Okawaru will now gift you ammunition as you gain piety.
You can now speed up your combat.
Okawaru will now gift you equipment as you gain piety.
Something appears at your feet!
You see here a +3 quarterstaff of draining.
Okawaru grants you a weapon!
The toenail golem is almost destroyed.
The toenail golem hits you but does no damage.
The toenail golem hits you!
Ouch! That really hurt!
You die...

▓▓▓▓▓▓▓
▓.8©8.▓
∆∆∆
▓.....▓
▓.:.8.▓
▓..@..▓
▓.....▓
▓..©..▓
▓▓▓▓▓▓▓
∆∆∆ ∆ ∆


You could see a toenail golem.

Vanquished Creatures
  A toenail golem (D)
1 creature vanquished.

Notes
Turn   | Place    | Note
-------+----------+-------------------------------------------
     0 | D        | howech the Gnoll Fire Elementalist began the quest for the
                  | Orb.
     0 | D        | Reached XP level 1. HP: 13/13 MP: 6/6
    12 | D        | Found a blossoming altar of Fedhas.
    13 | D        | Found the +6 Majin-Bo {vamp, MP+6 Int+6}
    13 | D        | Found the +9 heavy crossbow "Sniper" {vorpal, Acc+∞ SInv}
    13 | D        | Found the +10 dark maul {vorpal}
    13 | D        | Found the +15 Maxwell's patent armour {-Cast -Tele rElec
                  | Will+ rCorr}
    13 | D        | Found the +18 shield of the Gong {rElec rN+ Will+ EV-5}
    13 | D        | Found the +14 obsidian axe {vorpal, Drain Fly SInv}
    13 | D        | Found the +7 great mace "Firestarter" {inner flame, rF++}
    13 | D        | Found the +6 shillelagh "Devastator" {shatter}
    13 | D        | Found the +11 plutonium sword {Contam Stlth-}
    13 | D        | Found the +8 lance "Wyrmbane" {slay drac, rPois rF+ rC+
                  | AC+3}
    13 | D        | Found the +9 sword of Zonguldrok {reap}
    13 | D        | Found the +13 scythe of Curses {drain, Drain}
    13 | D        | Found the +5 sword of Power {vorpal}
    13 | D        | Found the +7 mace of Variability {chain chaos}
    13 | D        | Found the +7 Singing Sword {vorpal, sonic wave}
    13 | D        | Found the +8 storm bow {elec, penet}
    14 | D        | Found a transporter.
    14 | D        | Found a viscous altar of Jiyva.
    14 | D        | Found an ancient bone altar of Kikubaaqudgha.
    14 | D        | Found a hazy altar of Hepliaklqana.
    14 | D        | Found a corrupted altar of Lugonu.
    14 | D        | Found an opulent altar of Gozag.
    14 | D        | Found a burning altar of Makhleb.
    15 | D        | Found a sacrificial altar of Ru.
    15 | D        | Found a stormy altar of Qazlal.
    15 | D        | Found a shimmering blue altar of Sif Muna.
    15 | D        | Found an iron altar of Okawaru.
    15 | D        | Found a bloodstained altar of Trog.
    15 | D        | Found a sparkling altar of Nemelex Xobeh.
    33 | D        | Became a worshipper of Warmaster Okawaru
    58 | D        | Entered arena 2.
    58 | D        | Noticed a toenail golem
    58 | D        | Noticed a toenail golem
    58 | D        | Found a transporter.
    65 | D        | Killed a toenail golem
    65 | D        | Reached * piety under Okawaru
    65 | D        | Reached ** piety under Okawaru
    65 | D        | Reached *** piety under Okawaru
    65 | D        | Reached **** piety under Okawaru
    65 | D        | Reached ***** piety under Okawaru
    65 | D        | Received a gift from Okawaru
    65 | D        | Slain by a toenail golem

Illustrated notes

Levels and vault maps discovered:
D:        sprint_v [room_start, room_1, room_2, room_3, room_4, room_5, room_6,
          room_7, room_8, room_9, room_10, room_11, room_12, room_13, room_14,
          room_15, room_16, room_17, room_18, room_19, room_20, room_21,
          room_22, room_23, room_24, room_25, room_26, room_27]

Action                   || total
-------------------------++-------
Melee: Double sword      ||     5
       Bite              ||     2
  Use: Potion            ||     1
 Stab: Invisible         ||     2
       Sleeping          ||     1
Armor: Fire dragon scale ||     2
Block: Kite shield       ||     7

Table legend: (Time is in decaauts)
 A = Elapsed time spent in this place.
 B = Non-inter-level travel time spent in this place.
 C = Inter-level travel time spent in this place.
 D = Time resting spent in this place.
 E = Time spent auto-exploring this place.
 F = Levels seen in this place.
 G = Mean time per level.
                   A        B        C        D        E       F      G
               +--------+--------+--------+--------+--------+-----+--------+
         Total |     66 |     66 |      0 |      0 |      0 |   1 |   66.0 |
       Dungeon |     66 |     66 |      0 |      0 |      0 |   1 |   66.0 |
               +--------+--------+--------+--------+--------+-----+--------+

Top non-repeatable levels by time:
       D: 66 daAuts
